 Dungeon Crawl Stone Soup version 0.14-a0-586-g2535b90 (webtiles) character file.

1539 MackTheKnife the Tainter (level 8, -2/46 HPs)
             Began as an Octopode Venom Mage on Nov 3, 2013.
             Was an Initiate of Vehumet.
             Slain by a hippogriff (8 damage)
             ... on Level 7 of the Dungeon.
             The game lasted 00:20:46 (8673 turns).

MackTheKnife the Tainter (Octopode Venom Mage)      Turns: 8673, Time: 00:20:46

HP  -2/46        AC  1     Str  7      XL: 8   Next: 61%
MP   3/19        EV 12     Int 19      God: Vehumet [......]
Gold 200         SH  0     Dex 13      Spells:  4 memorised,  5 levels left

Res.Fire  : . . .   See Invis. : .   d - +2 elf short sword
Res.Cold  : . . .   Warding    : .   (no shield)
Life Prot.: . . .   Conserve   : .   (helmet restricted)
Res.Poison: .       Res.Corr.  : .   y - amulet of resist mutation
Res.Elec. : .       Clarity    : .   k - cursed ring of invisibility
Sust.Abil.: . .     Spirit.Shd : .   (no ring)
Res.Mut.  : +       Stasis     : .   (no ring)
Res.Rott. : .       Flight     : .   (no ring)
Saprovore : . . .                    (no ring)
                                     (no ring)
                                     (no ring)
                                     (no ring)

@: very slightly contaminated, slightly resistant to hostile enchantments, quite
stealthy
A: almost no armour, amphibious, 8 rings, constrict 8, camouflage 1, AC +1
a: Renounce Religion, Evoke Invisibility


You were on level 7 of the Dungeon.
You worshipped Vehumet.
Vehumet was noncommittal.
You were not hungry.

You visited 2 branches of the dungeon, and saw 8 of its levels.

You collected 200 gold pieces.


Innate Abilities, Weirdness & Mutations

You cannot wear most types of armour.
You are amphibious.
You can wear up to eight rings at the same time.
You can use your tentacles to constrict many enemies at once.
Your skin changes colour to match your surroundings (Stlth).
Your rubbery body absorbs attacks (AC +1).


   Skills:
 - Level 2.0 Dodging
 - Level 2.6 Stealth
 + Level 5.3 Spellcasting
 + Level 5.5 Conjurations
 + Level 8.7 Poison Magic


You had 5 spell levels left.
You knew the following spells:

 Your Spells              Type           Power        Failure   Level  Hunger
c - Mephitic Cloud        Conj/Pois/Air  ###.....     6%          3    ##.....
x - Venom Bolt            Conj/Pois      ####......   17%         5    #####..
y - Conjure Flame         Conj/Fire      ###.....     12%         3    ##.....
z - Sting                 Conj/Pois      ####         1%          1    None

Inventory:

Hand weapons
 d - a +2,+2 elven short sword (weapon)
Magical devices
 f - a wand of polymorph (10)
 t - a wand of cold (1)
 z - a wand of fire (0)
Comestibles
 i - a pear
 p - a choko
 u - 2 cheeses
 v - 4 meat rations
Scrolls
 a - 2 scrolls of enchant armour {unknown}
 n - 4 scrolls of remove curse
 q - a scroll of curse armour {unknown}
 s - 2 scrolls of fog
Jewellery
 k - a cursed ring of invisibility (left tentacle)
 y - an amulet of resist mutation (around mantle)
Potions
 e - 2 potions of speed
 g - a potion of flight {unknown}
 h - 7 potions of heal wounds {unknown}
 j - 4 potions of curing {unknown}
 l - a potion of restore abilities {unknown}
 m - a potion of berserk rage {unknown}
 o - a potion of invisibility {unknown}
 w - 4 potions of agility {unknown}
Books
 b - a Young Poisoner's Handbook

   Spells                             Type                      Level
   *Sting                             Conjuration/Poison           1
   Cure Poison                        Poison                       2
   *Mephitic Cloud                    Conjuration/Poison/Air       3
   Olgreb's Toxic Radiance            Poison                       4
   *Venom Bolt                        Conjuration/Poison           5
 x - a book of Clouds

   Spells                             Type                      Level
   *Mephitic Cloud                    Conjuration/Poison/Air       3
   *Conjure Flame                     Conjuration/Fire             3
   Poisonous Cloud                    Conjuration/Poison/Air       6
   Freezing Cloud                     Conjuration/Ice/Air          6
   Ring of Flames                     Charms/Fire                  7

▒▒+▒▒▒▒▒▒▒▒▒▒
▒▒▒▒+▒▒▒▒
▒·······▒
▒···>···+
▒·······▒
▒·······▒
▒····Q··▒
▒····x··▒
▒·······▒
▒······?▒
▒·······▒
▒·······▒
▒·······▒
▒·······▒
▒▒▒'▒▒▒▒▒
▒··▒


You could see a hippogriff.


Message History

Aiming: Venom Bolt
Aim: a hippogriff You miscast Venom Bolt.
You are very lightly contaminated with residual magic.
You feel faint for a moment.
Aiming: Venom Bolt
Aim: a hippogriff The bolt of poison misses the hippogriff.
Aiming: Venom Bolt
Aim: a hippogriff The bolt of poison hits the hippogriff.
The hippogriff is poisoned.
The hippogriff is heavily wounded.
The hippogriff bites you. The hippogriff pecks you! The hippogriff claws you!
You don't have enough magic to cast that spell.
Unknown command.
Aiming: Sting
Aim: a hippogriff (heavily wounded, poisoned)
The sting hits the hippogriff.
The hippogriff looks even sicker.
The hippogriff is heavily wounded.
The hippogriff bites you. The hippogriff pecks you.
* * * LOW HITPOINT WARNING * * *
The hippogriff claws you!
* * * LOW HITPOINT WARNING * * *
Evoke which item? (* to show all) (? for menu, Esc to quit)
Zapping:
z - a wand of fire {zapped: 5}
Aim: a hippogriff (heavily wounded, poisoned) Nothing appears to happen.
The hippogriff bites you!
* * * LOW HITPOINT WARNING * * *
The hippogriff pecks you!
You die...

Action                   |  1- 3 |  4- 6 |  7- 9 || total
-------------------------+-------+-------+-------++-------
Melee: Unarmed           |    26 |       |       ||    26
       Short sword       |    39 |    89 |   105 ||   233
 Cast: Sting             |    29 |    71 |    69 ||   169
       Mephitic Cloud    |       |     8 |    16 ||    24
       Conjure Flame     |       |       |     3 ||     3
       Venom Bolt        |       |       |     3 ||     3
Evoke: Wand              |       |     3 |    11 ||    14
  Use: Scroll            |     9 |     5 |     2 ||    16
 Stab: Sleeping          |     5 |     7 |     2 ||    14
       Distracted        |       |       |     1 ||     1

Vault maps used:
D:1:      kilobyte_entry_exit_the_forest
D:3:      grunt_temple_overflow_open, first_bread
D:4:      serial_shops, shop
D:7:      minmay_temple_entry_butterflies, grunt_livestock,
          serial_teleporters_loot_1
Temple:   water_room_temple_b_12

Notes
Turn   | Place    | Note
--------------------------------------------------------------
     0 | D:1      | MackTheKnife, the Octopode Venom Mage, began the quest for the Orb.
     0 | D:1      | Reached XP level 1. HP: 11/11 MP: 3/3
   230 | D:1      | Reached skill level 5 in Poison Magic
   232 | D:1      | Reached XP level 2. HP: 15/17 MP: 1/4
   842 | D:1      | Reached skill level 1 in Conjurations
  1205 | D:2      | Reached XP level 3. HP: 19/21 MP: 6/6
  1529 | D:2      | Learned a level 3 spell: Mephitic Cloud
  1947 | D:2      | Reached skill level 2 in Spellcasting
  2129 | D:2      | Reached XP level 4. HP: 27/27 MP: 4/8
  2166 | D:3      | Found an ancient bone altar of Kikubaaqudgha.
  2344 | D:3      | Found a basalt altar of Yredelemnul.
  2345 | D:3      | Found a sparkling altar of Nemelex Xobeh.
  2354 | D:3      | Reached skill level 2 in Conjurations
  3148 | D:3      | Noticed a giant frog
  3170 | D:3      | Reached skill level 6 in Poison Magic
  3170 | D:3      | Reached XP level 5. HP: 29/31 MP: 6/10
  3240 | D:3      | Noticed a phantom
  3615 | D:4      | Noticed an ogre
  3615 | D:4      | Noticed a phantom
  3727 | D:4      | Learned a level 5 spell: Venom Bolt
  3739 | D:4      | Reached skill level 3 in Spellcasting
  3739 | D:4      | Reached XP level 6. HP: 12/36 MP: 7/12
  4027 | D:4      | Reached skill level 3 in Conjurations
  4261 | D:4      | Found Atines' Antique Armour Shop.
  4327 | D:4      | Noticed a phantom
  4838 | D:4      | Noticed a phantom
  4953 | D:5      | Entered Level 5 of the Dungeon
  5121 | D:5      | Reached skill level 7 in Poison Magic
  5144 | D:5      | Reached XP level 7. HP: 37/41 MP: 12/15
  5261 | D:5      | Reached skill level 4 in Conjurations
  5357 | D:5      | Reached skill level 4 in Spellcasting
  6447 | D:6      | Reached skill level 8 in Poison Magic
  6447 | D:6      | Reached XP level 8. HP: 46/46 MP: 0/18
  7107 | D:6      | Reached skill level 5 in Conjurations
  8095 | D:7      | Reached skill level 5 in Spellcasting
  8102 | D:7      | Found a staircase to the Ecumenical Temple.
  8111 | Temple   | Entered the Ecumenical Temple
  8130 | Temple   | Became a worshipper of Vehumet
  8249 | D:7      | Learned a level 3 spell: Conjure Flame
  8673 | D:7      | Slain by a hippogriff

Vanquished Creatures
  A hungry ghost (D:7)
  An ogre (D:5)
  3 giant frogs
  7 crimson imps
  2 jellies (D:6)
  2 hounds
  7 orc wizards
  An iguana (D:4)
  5 worker ants
  An ogre zombie (D:7)
  4 gnolls (D:6)
  4 adders
  3 inept feature mimics
  A giant mite (D:3)
  An adder skeleton (D:4)
  25 orcs
  A ball python (D:1)
  13 bats
  A bat skeleton (D:7)
  8 giant cockroaches
  10 goblins
  13 hobgoblins
  14 kobolds
  4 quokkas
  5 giant geckos
  4 giant newts
  A goblin skeleton (D:4)
  A kobold skeleton (D:4)
  2 orc skeletons (D:4)
  2 orc zombies
  11 rats
  A rat skeleton (D:5)
159 creatures vanquished.
